AoeStats
← RDA Ronan

African Clearing

504889056Analyzed
4v4 RM · 25d ago on Sep 6, 2026· 52m 17s· 8 players
Game mode
Random Map
Map size
Large (8 player)
Population
200
Speed
Normal
Resources
Standard
Victory
Conquest
Starting age
Dark Age
Ending age
Imperial Age
RankedLock teamsTeams togetherTeam positionsShared explorationLock speedFull tech treeHidden civsTurbo modeCheats
Victory
Defeat
🇨🇦 Jurchens · Canada
1266
+16
🇺🇾 Vietnamese · Uruguay
1265
+16
🇸🇪 Koreans · Sweden
1247
+17
🇲🇽 Berbers · Mexico
1212
+19
🇦🇷 Vietnamese · Argentina
1292
-18
🇦🇷 Khmer · Argentina
1272
-17
🇦🇷 Spanish · Argentina
1270
-17
🇦🇷 Mongols · Argentina
1252
-16
[GDL] Wenjie
3:38 Loom
14:57 Feudal Age
19:17 Castle Age
17:41 Double-Bit Axe
17:39 Horse Collar
18:18 Stone Mining
18:48 Gold Mining
18:50 Fletching
19:00 Padded Archer Armor
26:21 Padded Archer Armor
29:55 Ballistics
29:53 Leather Archer Armor
32:50 Wheelbarrow
39:50 Bow Saw
44:37 Imperial Age
42:30 Forging
42:25 Scale Barding Armor
43:38 Hand Cart
43:08 Town Watch
44:34 Bodkin Arrow
45:15 Iron Casting
44:45 Scale Barding Armor
47:44 Bracer
48:14 Ring Archer Armor
47:08 Elite Genitour
47:55 Thumb Ring
47:52 Heavy Camel Rider
48:27 Light Cavalry
49:17 Bloodlines
49:50 Heavy Plow
49:54 Husbandry
50:24 Elite Skirmisher
scarabe
8:32 Loom
14:18 Feudal Age
17:42 Fletching
21:18 Castle Age
19:54 Town Watch
21:24 Pikeman
24:42 Bodkin Arrow
30:42 Scale Mail Armor
35:08 Horse Collar
36:09 Gambesons
42:25 Imperial Age
42:18 Chain Mail Armor
42:14 Forging
44:23 Squires
45:17 Plate Mail Armor
47:49 Wheelbarrow
47:56 Iron Casting
47:17 Arson
49:26 Elite Fire Lancer
51:01 Conscription
51:16 Bracer
Chelo09
4:28 Loom
13:40 Feudal Age
16:12 Double-Bit Axe
17:01 Fletching
17:44 Padded Archer Armor
22:33 Horse Collar
27:41 Castle Age
28:52 Bow Saw
28:06 Crossbowman
29:13 Leather Archer Armor
29:02 Bodkin Arrow
32:03 Elite Skirmisher
35:13 Thumb Ring
38:11 Heated Shot
38:44 Ballistics
42:00 Imperial Age
40:10 Wheelbarrow
41:36 Gold Mining
43:45 Chemistry
43:37 Hand Cart
43:03 Elite Fire Lancer
43:30 Arbalester
48:47 Bracer
49:18 Ring Archer Armor
50:38 Imperial Skirmisher
Huxley
3:59 Loom
12:49 Feudal Age
17:11 Forging
19:35 Fletching
22:05 Padded Archer Armor
23:51 Wheelbarrow
28:07 Castle Age
26:55 Double-Bit Axe
26:51 Horse Collar
28:43 Scale Barding Armor
28:12 Pikeman
28:55 Squires
28:57 Town Watch
30:31 Scale Mail Armor
34:34 Iron Casting
36:46 Bow Saw
37:21 Chain Mail Armor
37:55 Bloodlines
39:13 Gold Mining
45:21 Imperial Age
43:53 Heavy Plow
44:47 Gold Shaft Mining
44:41 Fortified Bastions
45:42 Hand Cart
46:03 Ballistics
45:45 Heavy Rocket Cart
47:40 Halberdier
49:37 Conscription
51:13 Chemistry
51:56 Thunderclap Bombs
OPI Sonet
7:22 Loom
13:28 Feudal Age
17:18 Castle Age
17:25 Double-Bit Axe
18:48 Horse Collar
19:20 Bow Saw
19:52 Heavy Plow
22:48 Husbandry
23:41 Gold Mining
23:42 Stone Mining
25:21 Wheelbarrow
26:24 Bloodlines
26:29 Scale Barding Armor
30:13 Chain Barding Armor
30:40 Forging
31:01 Light Cavalry
32:12 Town Watch
33:45 Fletching
34:32 Iron Casting
34:41 Bodkin Arrow
34:47 Padded Archer Armor
39:03 Imperial Age
38:13 Stone Shaft Mining
38:04 Leather Archer Armor
38:09 Hand Cart
37:55 Town Patrol
40:11 Paper Money
40:05 Bracer
40:36 Ring Archer Armor
40:01 Elite Rattan Archer
41:03 Ballistics
41:35 Elite Battle Elephant
42:44 Caravan
43:17 Coinage
43:55 Plate Barding Armor
45:43 Chemistry
45:53 Siege Engineers
51:53 Crop Rotation
52:06 Chatras
RDA Ghosti
3:04 Loom
12:00 Feudal Age
12:13 Man-at-Arms
12:47 Double-Bit Axe
15:38 Fletching
37:43 Horse Collar
38:40 Wheelbarrow
37:50 Town Watch
41:26 Castle Age
39:52 Gold Mining
43:23 Scale Barding Armor
43:16 Bodkin Arrow
43:31 Forging
44:23 Bloodlines
45:16 Chain Barding Armor
RDA Infernus
2:58 Loom
13:11 Feudal Age
17:25 Castle Age
15:38 Fletching
22:11 Bodkin Arrow
31:25 Double-Bit Axe
42:14 Murder Holes
45:02 Wheelbarrow
45:10 Masonry
RDA Ronan
5:55 Loom
12:25 Feudal Age
19:14 Castle Age
43:18 Wheelbarrow
44:39 Horse Collar
46:31 Heavy Plow
46:48 Fletching
48:01 Double-Bit Axe
48:39 Gold Mining
49:09 Bow Saw
49:09 Town Watch
53:16 Imperial Age
51:15 Scale Barding Armor
52:30 Hand Cart
52:18 Bodkin Arrow
52:49 Bloodlines
52:40 Husbandry
Connection lost

Rejoining the realm…

Still unreachable

The connection could not be restored.

Session expired

The server has moved on; the page needs a fresh start.